 Dungeon Crawl Stone Soup version 0.27.1-4-g1640c2035a (webtiles) character file.

Game seed: 16730764995972939584

3078 Gabide the Twirler (level 10, -4/76 HPs)
             Began as a Human Artificer on Nov 1, 2021.
             Slain by a hornet zombie (10 damage)
             ... on level 6 of the Dungeon.
             The game lasted 00:16:58 (5326 turns).

Gabide the Twirler (Human Artificer)                Turns: 5326, Time: 00:16:58

Health: -4/76      AC:  9    Str: 14    XL:     10   Next: 12%
Magic:  10/10      EV: 14    Int: 12    God:
Gold:   252        SH:  0    Dex: 15    Spells: 9/9 levels left

rFire    + . .     SeeInvis .   a - +7 lajatang of Order {silver, rMut}
rCold    + . .     Faith    .   (shield currently unavailable)
rNeg     . . .     Spirit   .   s - +2 robe {rC+ rF+}
rPois    .         Reflect  .   n - +0 helmet
rElec    .         Harm     .   (no cloak)
rCorr    .         Rampage  .   (no gloves)
rMut     +                      (no boots)
Will     .....                  (no amulet)
Stlth    ++........             h - +4 ring of protection
HPRegen  0.22/turn              (no ring)
MPRegen  0.12/turn

@: on berserk cooldown, slowed, very slow
A: no striking features
a: no special abilities


You were on level 6 of the Dungeon.
You visited 1 branch of the dungeon, and saw 6 of its levels.

You collected 252 gold pieces.

Inventory:

Hand Weapons
 a - the +7 lajatang of Order (weapon) {silver, rMut}
   (You acquired it on level 4 of the Dungeon)

   It inflicts extra damage upon those it strikes, and deals substantially
   increased damage to chaotic, mutated and magically transformed beings.
   rMut:      It protects you from mutation.
 f - a +3 mace
Armour
 j - a +0 scale mail
 l - a +1 leather armour of fire resistance
 n - a +0 helmet (worn)
 s - a +2 robe of resistance (worn)
Jewellery
 h - a +4 ring of protection (left hand)
Wands
 d - a wand of charming (14)
 i - a wand of acid (3)
 m - a wand of iceblast (9)
 o - a wand of paralysis (4)
 r - a wand of flame (2) (quivered)
Scrolls
 p - a scroll of teleportation
Potions
 b - a potion of cancellation
 c - a potion of magic
 q - a potion of mutation {unknown}
Miscellaneous
 e - a piece from Xom's chessboard (15/15)


   Skills:
 * Level 5.7 Fighting
 - Level 4.6(6.5) Maces & Flails
 + Level 7.0(7.7) Staves
 - Level 4.4 Armour
 * Level 5.8 Dodging
 - Level 1.0 Stealth
 * Level 5.6 Evocations


You had 9 spell levels left.
You didn't know any spells.
Your spell library contained the following spells:

 Spells                   Type           Power      Damage    Failure   Level
 Corona                   Hex            0%         N/A       32%         1
 Sublimation of Blood     Necr           0%         N/A       45%         2
 Petrify                  Tmut/Erth      0%         N/A       97%         4
 Irradiate                Conj/Tmut      0%         3d14      100%        5


Dungeon Overview and Level Annotations

Branches:
Dungeon (6/15)             Temple (0/1) D:6

Altars:
Dithmenos
Makhleb
Qazlal
Vehumet
Xom

Shops:
D:5 ?


Message History

The hornet zombie barely misses you.
Aiming: Throw Flame
Press: ? - help, Q - select action, (/) - cycle Shift-Dir - straight line, f/p - hornet zombie
Aim: a hornet zombie (heavily damaged, 77% to hit)
The puff of flame hits the hornet zombie.
The hornet zombie is heavily damaged.
The hornet zombie hits you but does no damage.
The hornet zombie hits you.
* * * LOW HITPOINT WARNING * * *
Aiming: Throw Flame
Press: ? - help, Q - select action, (/) - cycle Shift-Dir - straight line, f/p - hornet zombie
Aim: a hornet zombie (heavily damaged, 77% to hit)
The puff of flame misses the hornet zombie.
The hornet zombie barely misses you. The hornet zombie hits you.
* * * LOW HITPOINT WARNING * * *
You feel better. The hornet zombie hits you.
* * * LOW HITPOINT WARNING * * *
The hornet zombie completely misses you.
Aiming: Throw Flame
Press: ? - help, Q - select action, (/) - cycle Shift-Dir - straight line, f/p - hornet zombie
Aim: a hornet zombie (heavily damaged, 77% to hit)
The puff of flame hits the hornet zombie.
The hornet zombie is heavily damaged.
The hornet zombie closely misses you.
The hornet zombie hits you but does no damage.
Aiming: Throw Flame
Press: ? - help, Q - select action, (/) - cycle Shift-Dir - straight line, f/p - hornet zombie
Aim: a hornet zombie (heavily damaged, 77% to hit)
The puff of flame hits the hornet zombie.
The hornet zombie is heavily damaged.
The hornet zombie hits you.
* * * LOW HITPOINT WARNING * * *
The hornet zombie hits you!
* * * LOW HITPOINT WARNING * * *
It was a potion of magic.
Magic courses through your body. The hornet zombie closely misses you.
The hornet zombie barely misses you.
You hit the hornet zombie.
The hornet zombie is severely damaged.
The hornet zombie hits you!
You die...

#..###.)..## ##..
...........# ......
..###......### .##....
#..###......... ......
...........)...
..##...###.###...........
..##.#.#...# ##.....<####
...........#####......#
.>......Z@............####
......#.####^.....##.....
...##..#.# #.............
...##..#†# #.............
.........####.<##.........
.........##...............
....##...............>...
...........##.####....>...
.........####.# ####.....


You could see a hornet zombie.

Vanquished Creatures
  Pikel (D:5)
  Sigmund (D:4)
  Menkaure (D:4)
  4 water moccasins
  2 black bears
  A necrophage (D:4)
  3 ice beasts
  An ogre (D:5)
  A centaur (D:5)
  A lemure (D:5)
  2 phantoms (D:6)
  A bullfrog (D:6)
  Blork the orc (D:5)
  3 scorpions
  A water moccasin skeleton (D:6)
  2 howler monkeys (D:6)
  A bullfrog zombie (D:6)
  A bullfrog skeleton (D:4)
  A centaur skeleton (D:5)
  4 orc priests
  6 hounds
  2 orc wizards (D:6)
  A howler monkey skeleton (D:5)
  9 adders
  A shadow imp (D:5)
  An ufetubus (D:4)
  A dart slug (D:1)
  15 orcs
  7 ball pythons
  6 endoplasms
  3 giant cockroaches
  6 goblins
  11 hobgoblins
  6 quokkas
  7 bats
  3 frilled lizards
  7 kobolds
  22 rats
147 creatures vanquished.

Notes
Turn   | Place    | Note
-------+----------+-------------------------------------------
     0 | D:1      | Gabide the Human Artificer began the quest for the Orb.
     0 | D:1      | Reached XP level 1. HP: 15/15 MP: 1/1
   198 | D:1      | Reached XP level 2. HP: 9/21 MP: 2/2
   695 | D:1      | Found a faded altar of an unknown god.
   703 | D:1      | Reached XP level 3. HP: 22/26 MP: 3/3
   776 | D:1      | Got Plato's Reference Book on Enchantment
  1048 | D:1      | Reached skill level 1 in Maces & Flails
  1252 | D:2      | Reached XP level 4. HP: 16/32 MP: 4/4
  1754 | D:2      | Reached XP level 5. HP: 34/37 MP: 5/5
  2479 | D:3      | Found a shimmering altar of Xom.
  2858 | D:3      | Found a stormy altar of Qazlal.
  3101 | D:3      | Reached XP level 6. HP: 44/44 MP: 6/6
  3204 | D:4      | Noticed a necrophage
  3218 | D:4      | Killed a necrophage
  3253 | D:4      | Reached XP level 7. HP: 48/51 MP: 7/7
  3278 | D:4      | Identified a scroll of acquirement
  3278 | D:4      | Acquired the +7 lajatang of Order {silver, rMut}
  3278 | D:4      | Found the +7 lajatang of Order {silver, rMut}
  3342 | D:4      | Noticed Sigmund
  3349 | D:4      | Killed Sigmund
  3350 | D:4      | Reached skill level 1 in Staves
  3359 | D:4      | Reached XP level 8. HP: 26/58 MP: 8/8
  3548 | D:4      | Noticed Menkaure
  3557 | D:4      | Killed Menkaure
  3558 | D:4      | Reached skill level 2 in Staves
  4107 | D:5      | Entered Level 5 of the Dungeon
  4114 | D:5      | Reached skill level 3 in Staves
  4226 | D:5      | Found Xiadouv's Magic Scroll Emporium.
  4316 | D:5      | Noticed Blork the orc
  4324 | D:5      | Killed Blork the orc
  4325 | D:5      | Reached skill level 4 in Staves
  4378 | D:5      | Found a radiant altar of Vehumet.
  4404 | D:5      | Reached XP level 9. HP: 35/65 MP: 9/9
  4426 | D:5      | HP: 3/66 [poisoned by a water moccasin]
  4739 | D:5      | Found a shadowy altar of Dithmenos.
  4757 | D:5      | Noticed Pikel
  4765 | D:5      | Killed Pikel
  4766 | D:5      | Reached skill level 5 in Staves
  4914 | D:5      | Found a burning altar of Makhleb.
  4914 | D:5      | Noticed a balrug
  4989 | D:5      | Reached skill level 5 in Evocations
  5057 | D:6      | Reached skill level 5 in Dodging
  5149 | D:6      | Reached skill level 5 in Fighting
  5149 | D:6      | Reached skill level 6 in Staves
  5280 | D:6      | Found a staircase to the Ecumenical Temple.
  5306 | D:6      | Reached XP level 10. HP: 43/74 MP: 10/10
  5317 | D:6      | Reached skill level 7 in Staves
  5326 | D:6      | Slain by a hornet zombie

Illustrated notes

Levels and vault maps discovered:
D:1:      dpeg_arrival_morbid_curiosity, layout_rooms,
          shapermc_ecumenical_altar_rom_forum
D:2:      layout_rooms, minivault_26, nrook_loot_triangle, columned_hall_lemuel,
          minmay_rat_hole
D:3:      layout_rooms, mainiacjoe_overflow_catwalk, xom_teletrap_fun,
          patterned_corridor
D:4:      layout_cave_pools, uniq_sigmund, uniq_menkaure
D:5:      layout_rooms, makhleb_altar_promises_db, grunt_dithmenos_smoke,
          vehumet_altar_wand_db, serial_shops, nicolae_shop_statue_plus,
          kennysheep_generic_room_11, uniq_blork_the_orc, uniq_pikel
D:6:      layout_rooms, minmay_temple_entry_stoned_glass, ebering_ghost_sewer_d

Skill      XL: |  1  2  3  4  5  6  7  8  9 10 |
---------------+-------------------------------+-----
Maces & Flails | 1 2 3 4 |  4.6
Fighting       | 2 3 4 5 |  5.7
Armour         | 3 4 |  4.4
Dodging        | 3 4 5 |  5.8
Evocations     | 4 5 |  5.6
Staves         | 1 4 6 7 |  7.0
Stealth        | |  1.0

Action                   |  1- 3 |  4- 6 |  7- 9 | 10-12 || total
-------------------------+-------+-------+-------+-------++-------
Melee: Club              |     9 |       |       |       ||     9
       Mace              |    68 |   169 |     6 |       ||   243
       Lajatang          |       |       |   115 |    11 ||   126
Evoke: Wand              |     8 |     6 |    14 |     6 ||    34
  Use: Scroll            |     4 |     7 |     2 |       ||    13
       Potion            |       |       |     2 |     2 ||     4
 Stab: Sleeping          |       |     1 |       |       ||     1
       Paralysed         |       |       |     2 |       ||     2
       Distracted        |       |       |     1 |       ||     1
Armor: Leather armour    |    21 |    22 |    28 |       ||    71
       Scale mail        |    37 |    68 |    32 |       ||   137
       Robe              |       |       |    22 |     2 ||    24
Dodge: Dodged            |    68 |    97 |   116 |    11 ||   292
